 Dungeon Crawl Stone Soup version 0.20-a0-1040-gfd09691 (webtiles) character file.

158 Rrauwl the Grave Robber (level 5, 0/28 HPs)
             Began as a Tengu Necromancer on Apr 23, 2017.
             Was a Follower of Nemelex Xobeh.
             Succumbed to an adder's poison
             ... on level 3 of the Dungeon.
             The game lasted 00:09:37 (2118 turns).

Rrauwl the Grave Robber (Tengu Necromancer)         Turns: 2118, Time: 00:09:38

Health: 0/28       AC:  2    Str:  7 (9)  XL:     5   Next: 40%
Magic:  9/9        EV: 13    Int: 13 (16) God:    Nemelex Xobeh [*.....]
Gold:   87         SH:  0    Dex: 11 (14) Spells: 7/8 levels left

rFire    . . .     SeeInvis +   a - +0 whip
rCold    . . .     Gourm    .   (no shield)
rNeg     . . .     Faith    .   e - +0 robe
rPois    .         Spirit   .   (helmet restricted)
rElec    .         Reflect  .   (no cloak)
rCorr    .         Harm     .   (no gloves)
MR       .....                  (boots unavailable)
Stlth    ++........             p - amulet of regeneration
Regen    0.1/turn               j - ring of see invisible
MPRegen  0.2/turn               (no ring)

@: lethally poisoned (0 -> -4), hasted, very quick
A: beak, talons 3, able to fly 1
a: Fly, Renounce Religion


You were on level 3 of the Dungeon.
You worshipped Nemelex Xobeh.
Nemelex Xobeh was aware of your devotion.
You were not hungry.

You visited 1 branch of the dungeon, and saw 3 of its levels.

You collected 87 gold pieces.

Inventory:

Hand Weapons
 a - a +0 whip (weapon)
 b - a +3 hunting sling of freezing
Missiles
 h - 69 arrows
 i - 53 stones (quivered)
Armour
 e - a +0 robe (worn)
Jewellery
 j - a ring of see invisible (left hand)
 p - an amulet of regeneration (around neck)
Books
 g - a book of Necromancy

   Spells                             Type                      Level
   a - Pain                           Necromancy                   1
   b - Animate Skeleton               Necromancy                   1
   c - Vampiric Draining              Necromancy                   3
   d - Regeneration                   Charms/Necromancy            3
   e - Animate Dead                   Necromancy                   4
   f - Control Undead                 Necromancy                   4
 n - a book of Misfortune

   Spells                             Type                      Level
   a - Confusing Touch                Hexes                        1
   b - Confuse                        Hexes                        3
   c - Gell's Gravitas                Translocation                3
   d - Petrify                        Transmutation/Earth          4
   e - Metabolic Englaciation         Hexes/Ice                    5
   f - Yara's Violent Unravelling     Hexes/Transmutation          5
Miscellaneous
 f - an ornate deck of destruction {drawn: 1}
Comestibles
 c - 2 bread rations
 d - 2 fruits
 k - 3 meat rations
 l - 8 chunks of flesh
 m - a royal jelly


   Skills:
 + Level 4.0 Dodging
 - Level 2.0 Stealth
 - Level 2.0 Spellcasting
 + Level 5.6 Necromancy
 + Level 1.7 Invocations


You had 7 spell levels left.
You knew the following spells:

 Your Spells              Type           Power        Failure   Level  Hunger
a - Pain                  Necr           ###.         2%          1    ##.....


Dungeon Overview and Level Annotations

Branches:
Dungeon (3/15)

Altars:
Nemelex Xobeh


Innate Abilities, Weirdness & Mutations

You have a beak for a mouth.
You have claws for feet.
You can fly.


Message History

You feel sick. The adder bites you but does no damage.
You closely miss the adder. Your kick misses the adder. You peck the adder.
The adder is almost dead.
* * * LOW HITPOINT WARNING * * *
You feel sick. The adder misses you. The adder bites you.
* * * LOW HITPOINT WARNING * * *
You hit the adder.
You kill the adder!
Okay, then.
You feel yourself speed up.
* * * LOW HITPOINT WARNING * * *
You feel sick.
* * * LOW HITPOINT WARNING * * *
You feel sick.
You see here 5 stones.
You see here a stone.
* * * LOW HITPOINT WARNING * * *
You feel sick.
You die...
Your body disappears without a glow.

#################
.......@....(.(.#
###############.#
#.# ##.# #..#
########.##
.........#
#######..# #..#


There were no monsters in sight!

Vanquished Creatures
  A howler monkey (D:3)
  A gnoll (D:1)
  5 adders
  A dart slug (D:2)
  A leopard gecko (D:1)
  An orc (D:3)
  5 giant cockroaches
  5 goblins
  10 hobgoblins
  3 jackals
  2 quokkas (D:2)
  2 ball pythons
  6 bats
  6 frilled lizards
  2 kobolds
  4 rats
55 creatures vanquished.

Vanquished Creatures (collateral kills)
  An adder (D:2)
1 creature vanquished.

Grand Total: 56 creatures vanquished

Notes
Turn   | Place    | Note
-------+----------+-------------------------------------------
     0 | D:1      | Rrauwl the Tengu Necromancer began the quest for the Orb.
     0 | D:1      | Reached XP level 1. HP: 10/10 MP: 4/4
   163 | D:1      | Reached XP level 2. HP: 10/15 MP: 3/6
   520 | D:1      | Reached XP level 3. HP: 12/19 MP: 4/7
   701 | D:1      | Reached skill level 5 in Necromancy
   979 | D:2      | Found a sparkling altar of Nemelex Xobeh.
   994 | D:2      | Became a worshipper of Nemelex Xobeh the Trickster
  1021 | D:2      | Received a gift from Nemelex Xobeh
  1348 | D:2      | Reached * piety under Nemelex Xobeh
  1461 | D:2      | Reached XP level 4. HP: 21/24 MP: 4/8
  1805 | D:2      | Reached skill level 1 in Invocations
  1995 | D:3      | Gained mutation: You can fly. [Tengu growth]
  1995 | D:3      | Reached XP level 5. HP: 17/28 MP: 7/9
  2057 | D:3      | Received a gift from Nemelex Xobeh
  2114 | D:3      | HP: 1/28 [poisoned by an adder]
  2118 | D:3      | Succumbed to an adder's poison

Vault maps used:
D:1:      dpeg_arrival_orchard
D:2:      nemelex_xobeh_ov_fountains_minmay

Skill      XL: |  1  2  3  4 |
---------------+-------------+-----
Necromancy     | 5 |  5.6
Dodging        | 3 4 |  4.0
Invocations    | 1 |  1.7
Stealth        | |  2.0
Spellcasting   | |  2.0

Action                   |  1- 3 |  4- 6 || total
-------------------------+-------+-------++-------
Melee: Whip              |    41 |     5 ||    46
       Peck              |     5 |     1 ||     6
       Kick              |    10 |       ||    10
 Fire: Hunting sling     |    94 |    61 ||   155
 Cast: Pain              |    20 |     3 ||    23
Evoke: Deck              |     2 |     6 ||     8
  Use: Potion            |     1 |     2 ||     3
       Scroll            |       |     2 ||     2
 Stab: Sleeping          |     1 |       ||     1
  Eat: Chunk             |     2 |     2 ||     4
Armor: Robe              |    11 |     8 ||    19
Dodge: Dodged            |    56 |    25 ||    81
